 Dungeon Crawl Stone Soup version 0.29.1-12-g30fa7ad0bf (webtiles) character file.

Game seed: 10595405213875319873

415 KittyFluff the Covered (level 6, -3/39 HPs)
             Began as a Gargoyle Berserker on Jan 9, 2023.
             Was a Believer of Trog.
             Slain by a hornet (4 damage)
             ... on level 4 of the Dungeon.
             The game lasted 00:15:52 (5071 turns).

KittyFluff the Covered (Gargoyle Berserker)         Turns: 5071, Time: 00:15:54

Health: -3/39      AC: 11    Str: 21    XL:     6   Next: 92%
Magic:  6/6        EV: 11    Int:  7    God:    Trog [**....]
Gold:   178        SH:  9    Dex: 17    Spells: 5/5 levels left

rFire   . . .      SeeInvis .   s - +0 flail
rCold   . . .      Faith    .   j - +0 kite shield
rNeg    + + .      Spirit   .   d - +0 leather armour
rPois   ∞          Reflect  .   o - +0 helmet
rElec   +          Harm     .   B - +0 cloak {Stlth+}
rCorr   .          Rampage  .   r - +0 pair of gloves
Will    .....                   (no boots)
Stlth   ++........              (no amulet)
HPRegen 0.13/turn               u - ring of positive energy
MPRegen 0.10/turn               A - +6 ring of dexterity

@: on berserk cooldown, slowed, very slow
A: sickness immunity, AC +4, negative energy resistance 1, electricity
resistance, torment resistance 1, petrification resistance
a: Renounce Religion, Berserk, Trog's Hand


You were on level 4 of the Dungeon.
You worshipped Trog.
Trog was pleased with you.
You visited 1 branch of the dungeon, and saw 5 of its levels.

You collected 178 gold pieces.

Inventory:

Hand Weapons
 a - a +0 mace
 h - a +0 sling
 p - a +0 sling
 s - a +0 flail (weapon)
 t - a +0 spear
Missiles
 x - 13 stones (quivered)
Armour
 d - a +0 leather armour (worn)
 g - a +0 ring mail
 i - a +0 scale mail
 j - a +0 kite shield (worn)
 o - a +0 helmet (worn)
 r - a +0 pair of gloves (worn)
 y - a +0 plate armour
 z - a +0 chain mail
 B - a +0 cloak of stealth (worn)
Jewellery
 u - a ring of positive energy (left hand)
 A - a +6 ring of dexterity (right hand)
Wands
 n - a wand of iceblast (3)
 v - a wand of flame (22)
Scrolls
 e - 4 scrolls of teleportation
 f - 3 scrolls of blinking
 k - a scroll of poison
 w - a scroll of magic mapping {unknown}
Potions
 b - 2 potions of curing
 c - a potion of resistance
 l - 4 potions of heal wounds
 m - 2 potions of lignification
 q - a potion of ambrosia {unknown}


   Skills:
 + Level 4.5 Fighting
 + Level 4.1 Maces & Flails
 * Level 4.8 Armour
 + Level 2.6 Dodging
 + Level 2.5 Shields


You had 5 spell levels left.
You didn't know any spells.
Your spell library was empty.

Dungeon Overview and Level Annotations

Branches:
Dungeon (5/15)
 Temple: D:4-7

Altars:
Cheibriados
Okawaru


Innate Abilities, Weirdness & Mutations

You are immune to sickness and miasma.
Your stone body is resilient. (AC +4)
You are immune to poison.
You resist negative energy. (rN+)
You are resistant to electric shocks. (rElec)
You are resistant to unholy torment.
You are immune to petrification.


Message History

You sock the phantom!
You destroy the phantom!
Trog accepts your kill. The hornet stings you!
You closely miss the hornet. You block the hornet's attack.
You barely miss the hornet.
The hornet stings you but does no damage.
The hornet stings you.
You closely miss the hornet. You block the hornet's attack.
You miss the hornet. The hornet closely misses you.
You block the hornet's attack.
You sock the hornet!
The hornet is heavily wounded.
You are no longer berserk.
You are exhausted.
You feel yourself slow down. You block the hornet's attack.
You barely miss the hornet.
The hornet is heavily wounded.
You block the hornet's attack. The hornet stings you.
The hornet stings you but does no damage.
You miss the hornet.
The hornet is heavily wounded.
The hornet misses you. The hornet barely misses you.
You block the hornet's attack.
You closely miss the hornet.
The hornet is heavily wounded.
The hornet barely misses you. You block the hornet's attack.
The hornet stings you!
You barely miss the hornet.
The hornet is heavily wounded.
You block the hornet's attack. x2
The hornet stings you but does no damage.
You barely miss the hornet.
The hornet is heavily wounded.
The hornet stings you.
* * * LOW HITPOINT WARNING * * *
The hornet stings you!
* * * LOW HITPOINT WARNING * * *
The hornet stings you.
You die...

##### ....#
###.###############
#.#........>.y@.#
###>...##########.#
.........## #.#
###.......# #.#
###.#.#...### #.#
:...........### #.#
###..#........# #.#
............#.# #.#
#####.#...###.# #.#


You could see a hornet.

Vanquished Creatures
  A phantom (D:4)
  An orc priest (D:4)
  Crazy Yiuf (D:4)
  A hound (D:4)
  An iguana (D:4)
  4 orc wizards
  2 adders
  4 gnolls
  6 dart slugs
  9 orcs
  3 endoplasms
  4 giant cockroaches
  4 goblins
  7 hobgoblins
  6 ball pythons
  2 bats
  2 frilled lizards
  3 kobolds (D:4)
  3 rats
64 creatures vanquished.

Notes
Turn   | Place    | Note
-------+----------+-------------------------------------------
     0 | D:1      | KittyFluff the Gargoyle Berserker began the quest for the
                  | Orb.
     0 | D:1      | Reached XP level 1. HP: 14/14 MP: 1/1
   165 | D:1      | Reached XP level 2. HP: 7/19 MP: 2/2
   406 | D:1      | Found a faded altar of an unknown god.
  1383 | D:2      | Reached XP level 3. HP: 14/23 MP: 3/3
  1614 | D:2      | HP: 1/23 [orc wizard/+0 dagger (2)]
  1620 | D:2      | Reached XP level 4. HP: 6/29 MP: 4/4
  1621 | D:2      | Reached skill level 1 in Shields
  2744 | D:2      | Reached ** piety under Trog
  2935 | D:3      | Reached XP level 5. HP: 27/33 MP: 5/5
  3792 | D:3      | Found a snail-covered altar of Cheibriados.
  3982 | D:4      | Reached XP level 6. HP: 16/38 MP: 6/6
  4400 | D:4      | Found an iron altar of Okawaru.
  4869 | D:4      | Found a runed translucent door.
  4870 | D:4      | Noticed Crazy Yiuf
  4879 | D:4      | Killed Crazy Yiuf
  5041 | D:5      | Entered Level 5 of the Dungeon
  5041 | D:5      | Noticed a hornet
  5071 | D:4      | HP: 1/39 [hornet (10)]
  5071 | D:4      | Slain by a hornet

Illustrated notes

Levels and vault maps discovered:
D:1:      minmay_arrival_stair_chambers, layout_rooms,
          shapermc_ecumenical_altar_rom_forum
D:2:      layout_basic
D:3:      layout_basic, kennysheep_slug_shrine
D:4:      layout_loops_ring, okawaru_trees_2, uniq_crazy_yiuf_cottage
D:5:      layout_gridville, nzn_wu_jian_contemplation,
          nicolae_uskayaw_dance_hall, nicolae_grassy_gnolls

Skill      XL: |  1  2  3  4  5  6 |
---------------+-------------------+-----
Armour         | 3 4 |  4.8
Dodging        | 2 |  2.6
Shields        | 1 2 |  2.5
Fighting       | 4 |  4.5
Maces & Flails | 4 |  4.1

Action                   |  1- 3 |  4- 6 || total
-------------------------+-------+-------++-------
Melee: Mace              |    83 |    67 ||   150
       Punch             |     1 |       ||     1
       Flail             |       |    87 ||    87
Throw: Stone             |     3 |       ||     3
Invok: Berserk           |       |     2 ||     2
  Use: Scroll            |     3 |     4 ||     7
       Potion            |     2 |       ||     2
Armor: Leather armour    |    53 |    58 ||   111
       Skin              |     7 |     1 ||     8
Dodge: Dodged            |    31 |    52 ||    83
Block: Kite shield       |    25 |    69 ||    94
